Connexion

Gulls vs Penguins

Created - 10 octobre 2023 at 06:11

Goals
1 2 3 T
Gulls 2 0 2 4
Penguins 1 1 0 2
Shots
1 2 3 T
Gulls 7 10 8 25
Penguins 6 4 14 24

GoalsPenalties
1st period
1. Gulls , Ryan Shea 7 (Dmitry Kulikov 15) at 1:04 (PP)
2. Penguins , Gerald Mayhew 10 (Dylan McIlrath 7, Karson Kuhlman 16) at 1:17
3. Gulls , Phil Di Giuseppe 8 (TJ Hensick 6, Gustav Bouramman 8) at 14:02
Jason Dickinson (WBS) for Interference (Minor) at 0:52
Joseph Blandisi (WBS) for Tripping (Minor) at 3:32
Keaton Middleton (WBS) for Hooking (Minor) at 6:49
2nd period
4. Penguins , Rhett Gardner 6 (Gerald Mayhew 13, Steven Santini 16) at 1:23
Mirco Mueller (SAN) for Hooking (Minor) at 2:33
Dylan Gambrell (WBS) for Tripping (Minor) at 4:53
3rd period
5. Gulls , Dalton Smith 6 (Dmitry Kulikov 16, Ryan Shea 13) at 6:52
6. Gulls , Arnaud Durandeau 13 (Lucas Carlsson 11, Dylan Sikura 21) at 17:57
Mirco Mueller (SAN) for Holding (Minor) at 0:03
Dalton Smith (SAN) for Hooking (Minor) at 12:50
Goalie Stats
Philippe Desrosiers (SAN), 22 saves from 24 shots - (0,917), W, 11-8-1, 60:00 minutes
Marek Langhamer (WBS), 21 saves from 25 shots - (0,840), L, 11-9-2, 60:00 minutes
3 StarsOfficial
1 - Ryan Shea (SAN)
2 - Gerald Mayhew (WBS)
3 - Dmitry Kulikov (SAN)
Referees : Dan O'Halloran and Gord Dwyer
Linesman : Greg Devorski and Scott Driscoll
Game Note
No Game Note
Finance
Level 1 -- Attendance: 1549 (77,45%) -- Ticket Income 61 960 $
Level 2 -- Attendance: 1000 (100,00%) -- Ticket Income 20 000 $
Total Attendance: 2549 (84,97%)
Total Ticket Income: 81 960 $
Other Income: 16 392 $
Total Income: 98 352 $



Team Name Goals Shots Shots Attemp Shots Blocked PIM HIT PP PK FO%
Gulls 4256396171 / 4 (25%)048%
Penguins 22445138200 / 3 (0%)152%

Gulls
Player Name POS G A P +/- PIM HIT SHT SB MP PP MP PP SHT PK MP PK SHT FO% FOT
Alex LimogesC/LW0000000018:410:0002:48076% 17
Arnaud DurandeauLW1011002119:153:1903:0900% 0
Dalton SmithLW1010235017:172:5000:0000% 0
Dmitry KulikovD0220021120:352:3502:5500% 0
Dylan SikuraC/LW/RW0111011023:273:1903:09046% 24
Gustav BourammanD0110020115:510:0000:0000% 0
Jack BadiniC/LW000003004:460:0000:00040% 5
Linus OlundC0000004017:492:5010:31025% 20
Lucas CarlssonD0111012223:163:3422:4400% 0
Lukas VejdemoC/LW/RW0001010016:063:1900:00050% 2
Malte StromwallRW000000004:460:0000:0000% 0
Mathias LaferriereRW0000032019:212:5002:0300% 0
Mirco MuellerD0001401321:463:3400:4200% 0
Phil Di GiuseppeLW/RW1010004116:410:0000:140100% 1
Ryan SheaD1120002020:072:3513:0100% 0
Sam KurkerRW000000000:000:0000:0000% 0
TJ HensickC/RW0110001015:530:0000:0000% 0
Trevor MurphyD0000010018:230:0002:3200% 0
Penguins
Player Name POS G A P +/- PIM HIT SHT SB MP PP MP PP SHT PK MP PK SHT FO% FOT
Alan QuineC/LW/RW000000007:210:0000:5200% 0
Andreas EnglundD000-1030222:303:1701:2400% 0
Andrew NielsenD000-1011118:010:0002:0400% 0
Christophe LalancetteC000000001:180:0000:0000% 0
Dylan GambrellC/RW000020006:280:0000:00040% 5
Dylan McIlrathD011-1010116:420:0000:4500% 0
Gerald MayhewC/RW1121005118:532:4010:000100% 1
Jason DickinsonC/LW0000203122:563:1713:14047% 19
Joseph BlandisiC/LW0000242014:203:1711:07050% 2
Karson KuhlmanC/RW0111012020:032:4022:03052% 25
Keaton MiddletonD000-1230122:293:1701:2400% 0
Kevin BahlD0001042120:052:4013:1700% 0
Liam O'BrienC/LW000-2012215:150:0000:00064% 14
Marian StudenicRW000-2001116:080:0000:0000% 0
Mikhail MaltsevLW000-2010015:390:0001:42033% 3
Rhett GardnerC/LW1011014018:592:4000:0600% 0
Steven FogartyC/RW0000002116:283:1713:1400% 0
Steven SantiniD0111000120:122:4003:2400% 0



Play-by-Play

1st period


0:01 of 1st period - Dylan Sikura wins face-off versus Jason Dickinson in neutral zone.
0:30 of 1st period - Shot by Jason Dickinson.
0:30 of 1st period - Stopped by Philippe Desrosiers with a rebound.
0:40 of 1st period - Shot by Lukas Vejdemo.
0:40 of 1st period - Shot Hit the Post.
0:52 of 1st period - Minor Penalty to Jason Dickinson for Interference.
0:53 of 1st period - Mikhail Maltsev wins face-off versus Linus Olund in Penguins zone.
1:04 of 1st period - Shot by Ryan Shea.
1:04 of 1st period - Goal by Ryan Shea - Gulls : 1 - Penguins : 0.
1:05 of 1st period - Karson Kuhlman wins face-off versus Alex Limoges in neutral zone.
1:09 of 1st period - Gerald Mayhew is hit by Trevor Murphy and loses puck.
1:17 of 1st period - Shot by Gerald Mayhew.
1:17 of 1st period - Goal by Gerald Mayhew - Gulls : 1 - Penguins : 1.
1:18 of 1st period - Liam O'Brien wins face-off versus Linus Olund in neutral zone.
1:48 of 1st period - Shot by Dalton Smith.
1:48 of 1st period - Stopped by Marek Langhamer without a rebound.
1:49 of 1st period - Karson Kuhlman wins face-off versus Jack Badini in Penguins zone.
1:49 of 1st period - Karson Kuhlman is hit by Jack Badini.
2:43 of 1st period - Karson Kuhlman is hit by Gustav Bouramman and loses puck.
3:32 of 1st period - Minor Penalty to Joseph Blandisi for Tripping.
3:33 of 1st period - Jason Dickinson wins face-off versus Linus Olund in Penguins zone.
4:02 of 1st period - Shot by Linus Olund.
4:02 of 1st period - Stopped by Marek Langhamer with a rebound.
4:04 of 1st period - Shot by Ryan Shea.
4:04 of 1st period - Shot Blocked by Steven Fogarty.
4:34 of 1st period - Lukas Vejdemo is hit by Mikhail Maltsev and loses puck.
4:41 of 1st period - Shot by Lukas Vejdemo.
4:41 of 1st period - Shot Blocked by Andreas Englund.
4:43 of 1st period - Shot by Lucas Carlsson.
4:43 of 1st period - Stopped by Marek Langhamer without a rebound.
4:44 of 1st period - Dylan Sikura wins face-off versus Mikhail Maltsev in Penguins zone.
5:01 of 1st period - Shot by Arnaud Durandeau.
5:01 of 1st period - Deflect By Lukas Vejdemo.
5:01 of 1st period - Shot Misses the Net.
5:38 of 1st period - Shot by Phil Di Giuseppe.
5:38 of 1st period - Shot Blocked by Keaton Middleton.
6:12 of 1st period - Alex Limoges is hit by Keaton Middleton and loses puck.
6:39 of 1st period - Ryan Shea is hit by Liam O'Brien and loses puck.
6:49 of 1st period - Minor Penalty to Keaton Middleton for Hooking.
6:50 of 1st period - Dylan Sikura wins face-off versus Jason Dickinson in Penguins zone.
6:53 of 1st period - Shot by Lukas Vejdemo.
6:53 of 1st period - Deflect By Arnaud Durandeau.
6:53 of 1st period - Shot Blocked by Kevin Bahl.
7:39 of 1st period - Karson Kuhlman is hit by Dalton Smith and loses puck.
9:03 of 1st period - Gerald Mayhew is hit by Gustav Bouramman and loses puck.
9:06 of 1st period - Shot by Rhett Gardner.
9:06 of 1st period - Shot Misses the Net.
9:24 of 1st period - Shot by Phil Di Giuseppe.
9:24 of 1st period - Stopped by Marek Langhamer with a rebound.
9:41 of 1st period - Off-side.
9:42 of 1st period - Dylan Gambrell wins face-off versus Linus Olund in neutral zone.
9:55 of 1st period - Shot by Alan Quine.
9:55 of 1st period - Shot Misses the Net.
10:24 of 1st period - Icing by Keaton Middleton.
10:25 of 1st period - Jack Badini wins face-off versus Dylan Gambrell in Penguins zone.
10:50 of 1st period - Jason Dickinson is hit by Dylan Sikura.
11:40 of 1st period - Phil Di Giuseppe is hit by Rhett Gardner and loses puck.
12:30 of 1st period - Icing by Marian Studenic.
12:31 of 1st period - Liam O'Brien wins face-off versus Dylan Sikura in Penguins zone.
12:49 of 1st period - Shot by Liam O'Brien.
12:49 of 1st period - Shot Blocked by Mirco Mueller.
13:32 of 1st period - Shot by Linus Olund.
13:32 of 1st period - Stopped by Marek Langhamer without a rebound.
13:33 of 1st period - Alex Limoges wins face-off versus Karson Kuhlman in Penguins zone.
13:33 of 1st period - Phil Di Giuseppe is hit by Andreas Englund and loses puck.
13:45 of 1st period - Phil Di Giuseppe is hit by Andreas Englund and loses puck.
14:02 of 1st period - Shot by TJ Hensick.
14:02 of 1st period - Deflect By Phil Di Giuseppe.
14:02 of 1st period - Goal by Phil Di Giuseppe - Gulls : 2 - Penguins : 1.
14:03 of 1st period - Liam O'Brien wins face-off versus Linus Olund in neutral zone.
14:08 of 1st period - Shot by Marian Studenic.
14:08 of 1st period - Shot Misses the Net.
14:10 of 1st period - Shot by Marian Studenic.
14:10 of 1st period - Shot Misses the Net.
14:37 of 1st period - Dylan McIlrath is hit by Dalton Smith and loses puck.
15:21 of 1st period - Joseph Blandisi is hit by Dmitry Kulikov and loses puck.
15:24 of 1st period - Shot by Joseph Blandisi.
15:24 of 1st period - Stopped by Philippe Desrosiers with a rebound.
15:30 of 1st period - Shot by Steven Fogarty.
15:30 of 1st period - Stopped by Philippe Desrosiers without a rebound.
15:31 of 1st period - Karson Kuhlman wins face-off versus Alex Limoges in Gulls zone.
15:53 of 1st period - Shot by TJ Hensick.
15:53 of 1st period - Shot Blocked by Andreas Englund.
16:34 of 1st period - Arnaud Durandeau is hit by Joseph Blandisi and loses puck.
16:51 of 1st period - Shot by Arnaud Durandeau.
16:51 of 1st period - Deflect By Dylan Sikura.
16:51 of 1st period - Shot Misses the Net.
16:53 of 1st period - Shot by Lukas Vejdemo.
16:53 of 1st period - Deflect By Arnaud Durandeau.
16:53 of 1st period - Shot Misses the Net.
17:08 of 1st period - Icing by Joseph Blandisi.
17:09 of 1st period - Jason Dickinson wins face-off versus Linus Olund in Penguins zone.
17:16 of 1st period - Shot by Mathias Laferriere.
17:16 of 1st period - Shot Misses the Net.
18:35 of 1st period - Icing by Dmitry Kulikov.
18:36 of 1st period - Alex Limoges wins face-off versus Liam O'Brien in Gulls zone.
18:57 of 1st period - Shot by Mikhail Maltsev.
18:57 of 1st period - Shot Blocked by Dmitry Kulikov.
19:37 of 1st period - Shot by Karson Kuhlman.
19:37 of 1st period - Shot Misses the Net.
19:39 of 1st period - Shot by Rhett Gardner.
19:39 of 1st period - Stopped by Philippe Desrosiers with a rebound.
19:53 of 1st period - Shot by Gerald Mayhew.
19:53 of 1st period - Stopped by Philippe Desrosiers without a rebound.
19:54 of 1st period - Dylan Gambrell wins face-off versus Lukas Vejdemo in Gulls zone.
Goals for this period are 2 for Gulls vs 1 for Penguins.
Shots for this period are 7 for Gulls vs 6 for Penguins.

2nd period


0:01 of 2nd period - Joseph Blandisi wins face-off versus Dylan Sikura in neutral zone.
1:14 of 2nd period - Linus Olund is hit by Kevin Bahl and loses puck.
1:23 of 2nd period - Shot by Rhett Gardner.
1:23 of 2nd period - Goal by Rhett Gardner - Gulls : 2 - Penguins : 2.
1:24 of 2nd period - Alex Limoges wins face-off versus Mikhail Maltsev in neutral zone.
1:44 of 2nd period - Gustav Bouramman is hit by Dylan McIlrath and loses puck.
1:51 of 2nd period - Shot by Phil Di Giuseppe.
1:51 of 2nd period - Deflect By TJ Hensick.
1:51 of 2nd period - Shot Misses the Net.
2:12 of 2nd period - Icing by Liam O'Brien.
2:13 of 2nd period - Liam O'Brien wins face-off versus Linus Olund in Penguins zone.
2:33 of 2nd period - Minor Penalty to Mirco Mueller for Hooking.
2:34 of 2nd period - Karson Kuhlman wins face-off versus Dylan Sikura in Gulls zone.
2:59 of 2nd period - Shot by Kevin Bahl.
2:59 of 2nd period - Shot Misses the Net.
3:08 of 2nd period - Icing by Steven Santini.
3:09 of 2nd period - Karson Kuhlman wins face-off versus Dylan Sikura in Penguins zone.
3:16 of 2nd period - Shot by Kevin Bahl.
3:16 of 2nd period - Shot Misses the Net.
3:29 of 2nd period - Icing by Gerald Mayhew.
3:30 of 2nd period - Karson Kuhlman wins face-off versus Dylan Sikura in Penguins zone.
3:40 of 2nd period - Shot by Lucas Carlsson.
3:40 of 2nd period - Shot Misses the Net.
4:01 of 2nd period - Icing by Andreas Englund.
4:02 of 2nd period - Alex Limoges wins face-off versus Jason Dickinson in Penguins zone.
4:32 of 2nd period - Shot by Steven Fogarty.
4:32 of 2nd period - Stopped by Philippe Desrosiers without a rebound.
4:33 of 2nd period - Linus Olund wins face-off versus Liam O'Brien in Gulls zone.
4:50 of 2nd period - Shot by Liam O'Brien.
4:50 of 2nd period - Stopped by Philippe Desrosiers without a rebound.
4:51 of 2nd period - Alex Limoges wins face-off versus Dylan Gambrell in Gulls zone.
4:53 of 2nd period - Minor Penalty to Dylan Gambrell for Tripping.
4:54 of 2nd period - Jason Dickinson wins face-off versus Linus Olund in Penguins zone.
5:07 of 2nd period - Shot by Steven Fogarty.
5:07 of 2nd period - Shot Misses the Net.
5:30 of 2nd period - Shot by Mirco Mueller.
5:30 of 2nd period - Shot Blocked by Steven Santini.
5:32 of 2nd period - Shot by Mirco Mueller.
5:32 of 2nd period - Shot Misses the Net.
6:32 of 2nd period - Steven Santini is hit by Dalton Smith and loses puck.
6:46 of 2nd period - Shot by Lucas Carlsson.
6:46 of 2nd period - Stopped by Marek Langhamer without a rebound.
6:47 of 2nd period - Dylan Sikura wins face-off versus Jason Dickinson in Penguins zone.
7:06 of 2nd period - Icing by Gerald Mayhew.
7:07 of 2nd period - Alex Limoges wins face-off versus Karson Kuhlman in Penguins zone.
7:36 of 2nd period - Shot by Rhett Gardner.
7:36 of 2nd period - Deflect By Gerald Mayhew.
7:36 of 2nd period - Shot Blocked by Gustav Bouramman.
7:38 of 2nd period - Shot by Rhett Gardner.
7:38 of 2nd period - Stopped by Philippe Desrosiers without a rebound.
7:39 of 2nd period - Jason Dickinson wins face-off versus Dylan Sikura in Gulls zone.
7:39 of 2nd period - Jason Dickinson is hit by Lucas Carlsson.
8:08 of 2nd period - Steven Fogarty is hit by Lukas Vejdemo and loses puck.
8:31 of 2nd period - Off-side.
8:32 of 2nd period - Linus Olund wins face-off versus Karson Kuhlman in neutral zone.
8:41 of 2nd period - Shot by Gerald Mayhew.
8:41 of 2nd period - Shot Misses the Net.
9:02 of 2nd period - Icing by Steven Santini.
9:03 of 2nd period - Alex Limoges wins face-off versus Karson Kuhlman in Penguins zone.
9:30 of 2nd period - Icing by Steven Santini.
9:31 of 2nd period - Dylan Sikura wins face-off versus Karson Kuhlman in Penguins zone.
9:53 of 2nd period - Icing by Lucas Carlsson.
9:54 of 2nd period - Dylan Sikura wins face-off versus Joseph Blandisi in Gulls zone.
9:54 of 2nd period - Dylan Sikura is hit by Joseph Blandisi.
10:02 of 2nd period - Shot by Arnaud Durandeau.
10:02 of 2nd period - Shot Blocked by Jason Dickinson.
10:04 of 2nd period - Shot by Mirco Mueller.
10:04 of 2nd period - Stopped by Marek Langhamer without a rebound.
10:05 of 2nd period - Liam O'Brien wins face-off versus Linus Olund in Penguins zone.
10:05 of 2nd period - Andreas Englund is hit by Mathias Laferriere and loses puck.
10:16 of 2nd period - Shot by Linus Olund.
10:16 of 2nd period - Shot Misses the Net.
11:12 of 2nd period - Shot by Jason Dickinson.
11:12 of 2nd period - Shot Blocked by Lucas Carlsson.
11:14 of 2nd period - Shot by Joseph Blandisi.
11:14 of 2nd period - Shot Misses the Net.
11:16 of 2nd period - Shot by Andrew Nielsen.
11:16 of 2nd period - Shot Blocked by Mirco Mueller.
11:18 of 2nd period - Shot by Steven Fogarty.
11:18 of 2nd period - Shot Blocked by Mirco Mueller.
12:17 of 2nd period - TJ Hensick is hit by Kevin Bahl and loses puck.
12:35 of 2nd period - Icing by Kevin Bahl.
12:36 of 2nd period - Karson Kuhlman wins face-off versus Linus Olund in Penguins zone.
12:46 of 2nd period - Linus Olund is hit by Kevin Bahl and loses puck.
12:57 of 2nd period - Shot by Dalton Smith.
12:57 of 2nd period - Stopped by Marek Langhamer with a rebound.
12:59 of 2nd period - Shot by Dalton Smith.
12:59 of 2nd period - Shot Misses the Net.
13:01 of 2nd period - Shot by Dmitry Kulikov.
13:01 of 2nd period - Stopped by Marek Langhamer with a rebound.
13:03 of 2nd period - Shot by Dmitry Kulikov.
13:03 of 2nd period - Shot Blocked by Gerald Mayhew.
13:13 of 2nd period - Shot by Dalton Smith.
13:13 of 2nd period - Stopped by Marek Langhamer with a rebound.
13:15 of 2nd period - Shot by Mathias Laferriere.
13:15 of 2nd period - Stopped by Marek Langhamer without a rebound.
13:16 of 2nd period - Jason Dickinson wins face-off versus Jack Badini in Penguins zone.
13:16 of 2nd period - Steven Fogarty is hit by Jack Badini and loses puck.
13:30 of 2nd period - Icing by Mirco Mueller.
13:31 of 2nd period - Jack Badini wins face-off versus Liam O'Brien in Gulls zone.
14:02 of 2nd period - Liam O'Brien is hit by Jack Badini and loses puck.
14:21 of 2nd period - Shot by Phil Di Giuseppe.
14:21 of 2nd period - Deflect By Alex Limoges.
14:21 of 2nd period - Shot Misses the Net.
14:23 of 2nd period - Shot by Phil Di Giuseppe.
14:23 of 2nd period - Shot Misses the Net.
14:25 of 2nd period - Shot by TJ Hensick.
14:25 of 2nd period - Stopped by Marek Langhamer with a rebound.
14:27 of 2nd period - Shot by Phil Di Giuseppe.
14:27 of 2nd period - Shot Blocked by Liam O'Brien.
14:29 of 2nd period - Shot by TJ Hensick.
14:29 of 2nd period - Deflect By Phil Di Giuseppe.
14:29 of 2nd period - Stopped by Marek Langhamer without a rebound.
14:30 of 2nd period - Jason Dickinson wins face-off versus Linus Olund in Penguins zone.
14:46 of 2nd period - Shot by Linus Olund.
14:46 of 2nd period - Stopped by Marek Langhamer without a rebound.
14:47 of 2nd period - Alex Limoges wins face-off versus Dylan Gambrell in Penguins zone.
14:47 of 2nd period - Alex Limoges is hit by Keaton Middleton.
16:13 of 2nd period - Icing by Mirco Mueller.
16:14 of 2nd period - Liam O'Brien wins face-off versus Dylan Sikura in Gulls zone.
16:30 of 2nd period - Shot by Arnaud Durandeau.
16:30 of 2nd period - Shot Blocked by Marian Studenic.
16:54 of 2nd period - Shot by Ryan Shea.
16:54 of 2nd period - Deflect By Linus Olund.
16:54 of 2nd period - Shot Misses the Net.
17:53 of 2nd period - Icing by Dylan McIlrath.
17:54 of 2nd period - Liam O'Brien wins face-off versus Jack Badini in Penguins zone.
18:12 of 2nd period - Shot by Lucas Carlsson.
18:12 of 2nd period - Shot Blocked by Dylan McIlrath.
18:14 of 2nd period - Shot by Dylan Sikura.
18:14 of 2nd period - Shot Blocked by Andrew Nielsen.
18:20 of 2nd period - Shot by Malte Stromwall.
18:20 of 2nd period - Shot Misses the Net.
18:22 of 2nd period - Shot by Dylan Sikura.
18:22 of 2nd period - Shot Misses the Net.
18:42 of 2nd period - Shot by Ryan Shea.
18:42 of 2nd period - Stopped by Marek Langhamer without a rebound.
18:43 of 2nd period - Jason Dickinson wins face-off versus Alex Limoges in Penguins zone.
Goals for this period are 0 for Gulls vs 1 for Penguins.
Shots for this period are 10 for Gulls vs 4 for Penguins.

3rd period


0:01 of 3rd period - Jason Dickinson wins face-off versus Dylan Sikura in neutral zone.
0:03 of 3rd period - Minor Penalty to Mirco Mueller for Holding.
0:04 of 3rd period - Dylan Sikura wins face-off versus Jason Dickinson in Gulls zone.
0:04 of 3rd period - Trevor Murphy is hit by Joseph Blandisi and loses puck.
0:27 of 3rd period - Shot by Steven Fogarty.
0:27 of 3rd period - Shot Blocked by Arnaud Durandeau.
0:29 of 3rd period - Shot by Jason Dickinson.
0:29 of 3rd period - Shot Misses the Net.
0:31 of 3rd period - Shot by Joseph Blandisi.
0:31 of 3rd period - Stopped by Philippe Desrosiers with a rebound.
1:07 of 3rd period - Karson Kuhlman is hit by Mathias Laferriere.
1:54 of 3rd period - Shot by Keaton Middleton.
1:54 of 3rd period - Deflect By Jason Dickinson.
1:54 of 3rd period - Stopped by Philippe Desrosiers without a rebound.
1:55 of 3rd period - Karson Kuhlman wins face-off versus Dylan Sikura in Gulls zone.
2:06 of 3rd period - Shot by Andrew Nielsen.
2:06 of 3rd period - Stopped by Philippe Desrosiers with a rebound.
2:22 of 3rd period - Shot by Mikhail Maltsev.
2:22 of 3rd period - Shot Misses the Net.
3:14 of 3rd period - TJ Hensick is hit by Andrew Nielsen and loses puck.
3:21 of 3rd period - Shot by TJ Hensick.
3:21 of 3rd period - Shot Blocked by Liam O'Brien.
3:23 of 3rd period - Shot by Trevor Murphy.
3:23 of 3rd period - Shot Misses the Net.
5:20 of 3rd period - Shot by Linus Olund.
5:20 of 3rd period - Shot Misses the Net.
5:56 of 3rd period - Shot by Phil Di Giuseppe.
5:56 of 3rd period - Deflect By Alex Limoges.
5:56 of 3rd period - Shot Misses the Net.
5:58 of 3rd period - Shot by Phil Di Giuseppe.
5:58 of 3rd period - Shot Misses the Net.
6:00 of 3rd period - Shot by Alex Limoges.
6:00 of 3rd period - Shot Misses the Net.
6:04 of 3rd period - Shot by Phil Di Giuseppe.
6:04 of 3rd period - Stopped by Marek Langhamer without a rebound.
6:05 of 3rd period - Karson Kuhlman wins face-off versus Dylan Sikura in Penguins zone.
6:16 of 3rd period - Shot by Gerald Mayhew.
6:16 of 3rd period - Stopped by Philippe Desrosiers without a rebound.
6:17 of 3rd period - Phil Di Giuseppe wins face-off versus Karson Kuhlman in Gulls zone.
6:30 of 3rd period - Icing by Steven Santini.
6:31 of 3rd period - Lukas Vejdemo wins face-off versus Karson Kuhlman in Penguins zone.
6:36 of 3rd period - Shot by Arnaud Durandeau.
6:36 of 3rd period - Stopped by Marek Langhamer without a rebound.
6:37 of 3rd period - Liam O'Brien wins face-off versus Linus Olund in Penguins zone.
6:52 of 3rd period - Shot by Dalton Smith.
6:52 of 3rd period - Goal by Dalton Smith - Gulls : 3 - Penguins : 2.
6:53 of 3rd period - Dylan Sikura wins face-off versus Karson Kuhlman in neutral zone.
7:03 of 3rd period - Icing by Steven Santini.
7:04 of 3rd period - Karson Kuhlman wins face-off versus Linus Olund in Penguins zone.
7:06 of 3rd period - Icing by Steven Santini.
7:07 of 3rd period - Dylan Sikura wins face-off versus Karson Kuhlman in Penguins zone.
7:34 of 3rd period - Shot by Arnaud Durandeau.
7:34 of 3rd period - Shot Misses the Net.
8:21 of 3rd period - Shot by Liam O'Brien.
8:21 of 3rd period - Stopped by Philippe Desrosiers without a rebound.
8:22 of 3rd period - Alex Limoges wins face-off versus Jason Dickinson in Gulls zone.
8:44 of 3rd period - Icing by Gustav Bouramman.
8:45 of 3rd period - Liam O'Brien wins face-off versus Alex Limoges in Gulls zone.
8:48 of 3rd period - Shot by Marian Studenic.
8:48 of 3rd period - Stopped by Philippe Desrosiers without a rebound.
8:49 of 3rd period - Linus Olund wins face-off versus Karson Kuhlman in Gulls zone.
9:08 of 3rd period - Shot by Dalton Smith.
9:08 of 3rd period - Stopped by Marek Langhamer without a rebound.
9:09 of 3rd period - Alex Limoges wins face-off versus Jason Dickinson in Penguins zone.
9:12 of 3rd period - Shot by TJ Hensick.
9:12 of 3rd period - Deflect By Phil Di Giuseppe.
9:12 of 3rd period - Shot Misses the Net.
9:20 of 3rd period - Shot by Jason Dickinson.
9:20 of 3rd period - Stopped by Philippe Desrosiers without a rebound.
9:21 of 3rd period - Dylan Sikura wins face-off versus Karson Kuhlman in Gulls zone.
9:37 of 3rd period - Lukas Vejdemo is hit by Karson Kuhlman and loses puck.
9:56 of 3rd period - Shot by Gerald Mayhew.
9:56 of 3rd period - Stopped by Philippe Desrosiers without a rebound.
9:57 of 3rd period - Jason Dickinson wins face-off versus Linus Olund in Gulls zone.
10:10 of 3rd period - Shot by Kevin Bahl.
10:10 of 3rd period - Stopped by Philippe Desrosiers without a rebound.
10:11 of 3rd period - Alex Limoges wins face-off versus Liam O'Brien in Gulls zone.
11:17 of 3rd period - Shot by Dylan Sikura.
11:17 of 3rd period - Shot Misses the Net.
11:53 of 3rd period - Shot by Gerald Mayhew.
11:53 of 3rd period - Shot Blocked by Lucas Carlsson.
12:41 of 3rd period - Shot by Dalton Smith.
12:41 of 3rd period - Shot Misses the Net.
12:50 of 3rd period - Minor Penalty to Dalton Smith for Hooking.
12:51 of 3rd period - Alex Limoges wins face-off versus Jason Dickinson in Gulls zone.
13:14 of 3rd period - Shot by Andreas Englund.
13:14 of 3rd period - Shot Blocked by Phil Di Giuseppe.
13:48 of 3rd period - Icing by Andreas Englund.
13:49 of 3rd period - Dylan Sikura wins face-off versus Jason Dickinson in Penguins zone.
14:10 of 3rd period - Mirco Mueller is hit by Joseph Blandisi and loses puck.
14:31 of 3rd period - Shot by Karson Kuhlman.
14:31 of 3rd period - Stopped by Philippe Desrosiers with a rebound.
14:33 of 3rd period - Shot by Kevin Bahl.
14:33 of 3rd period - Stopped by Philippe Desrosiers with a rebound.
14:35 of 3rd period - Shot by Karson Kuhlman.
14:35 of 3rd period - Stopped by Philippe Desrosiers without a rebound.
14:36 of 3rd period - Karson Kuhlman wins face-off versus Linus Olund in Gulls zone.
14:37 of 3rd period - Shot by Gerald Mayhew.
14:37 of 3rd period - Stopped by Philippe Desrosiers without a rebound.
14:38 of 3rd period - Karson Kuhlman wins face-off versus Dylan Sikura in Gulls zone.
14:38 of 3rd period - Karson Kuhlman is hit by Dmitry Kulikov.
16:01 of 3rd period - Shot by Alex Limoges.
16:01 of 3rd period - Shot Misses the Net.
16:40 of 3rd period - Icing by Ryan Shea.
16:41 of 3rd period - Gerald Mayhew wins face-off versus Dylan Sikura in Gulls zone.
16:45 of 3rd period - Icing by Dmitry Kulikov.
16:46 of 3rd period - Karson Kuhlman wins face-off versus Dylan Sikura in Gulls zone.
17:01 of 3rd period - Shot by Rhett Gardner.
17:01 of 3rd period - Stopped by Philippe Desrosiers without a rebound.
17:02 of 3rd period - Linus Olund wins face-off versus Liam O'Brien in Gulls zone.
17:37 of 3rd period - Shot by Mathias Laferriere.
17:37 of 3rd period - Stopped by Marek Langhamer with a rebound.
17:57 of 3rd period - Shot by Arnaud Durandeau.
17:57 of 3rd period - Goal by Arnaud Durandeau - Gulls : 4 - Penguins : 2.
17:58 of 3rd period - Alex Limoges wins face-off versus Karson Kuhlman in neutral zone.
18:06 of 3rd period - Phil Di Giuseppe is hit by Andreas Englund and loses puck.
18:52 of 3rd period - Lukas Vejdemo is hit by Keaton Middleton and loses puck.
19:14 of 3rd period - Arnaud Durandeau is hit by Kevin Bahl and loses puck.
19:23 of 3rd period - Shot by Dylan Sikura.
19:23 of 3rd period - Stopped by Marek Langhamer without a rebound.
19:24 of 3rd period - Linus Olund wins face-off versus Jason Dickinson in Penguins zone.
19:31 of 3rd period - Shot by Linus Olund.
19:31 of 3rd period - Stopped by Marek Langhamer with a rebound.
19:43 of 3rd period - Dylan McIlrath is hit by Mathias Laferriere and loses puck.
Goals for this period are 2 for Gulls vs 0 for Penguins.
Shots for this period are 8 for Gulls vs 14 for Penguins.